 Dungeon Crawl Stone Soup version 0.30-a0-879-ga8ba668304 (webtiles) character file.

Game seed: 8111129518898966345

236101 dialectric the Slayer (level 19, -8/122 (125) HPs)
             Began as a Gargoyle Wanderer on Mar 10, 2023.
             Was a Priest of Trog.
             Killed from afar by a starcursed mass (10 damage)
             ... with an accursed screaming
             ... on level 6 of the Abyss on Mar 14, 2023.
             The game lasted 02:27:52 (50900 turns).

dialectric the Slayer (Gargoyle Wanderer)          Turns: 50900, Time: 02:27:53

HP:   -8/122 (125)  AC: 45    Str: 26      XL:     19   Next: 19%
MP:   0/19          EV: 11    Int: 19      God:    Trog [***...]
Gold: 2496          SH:  0    Dex:  9 (11) Spells: 18/18 levels left

rFire   x . .      SeeInvis +    N - +0 demon whip (freeze)
rCold   . . .      Faith    .    (no shield)
rNeg    + . .      Spirit   +    p - +5 chain mail of Jamaclats {Fly rElec rC- SInv}
rPois   ∞          Reflect  .    L - +1 helmet "Kimelor" {*Corrode rElec Will+}
rElec   +          Rampage  .    B - scarf {rC+ rF+}
rCorr   .                        O - +2 pair of gloves
Will    ++...                    G - +2 pair of boots Stlth
                                 o - amulet of guardian spirit
HPRegen 0.00/turn                t - +6 ring of strength
MPRegen 0.16/turn                J - +6 ring of intelligence

@: on berserk cooldown, flying, inhibited regen, lightly drained, unable to read
A: sickness immunity, AC +14, big wings, negative energy resistance 1,
electricity resistance, torment resistance 1, petrification resistance, see
invisible, frail 1, sense surroundings 1, weak 1, subdued magic 1, MP-powered
wands, [inhibited regeneration], [heat vulnerability 2], [inability to read
after injury 2]
}: 2/15 runes: barnacled, abyssal
a: Renounce Religion, Berserk, Trog's Hand


You were on level 6 of the Abyss.
You worshipped Trog.
Trog was most pleased with you.
You visited 8 branches of the dungeon, and saw 34 of its levels.
You visited the Abyss 6 times.
You also visited: Sewer, Ossuary, Bailey and Ice Cave.

You collected 3607 gold pieces.
You spent 1111 gold pieces at shops.

Inventory:

Hand Weapons
 N - a +0 demon whip of freezing (weapon)
 V - a +2 sling of flaming
 Z - a +1 dire flail of draining
Missiles
 g - 9 throwing nets
 n - 20 poisoned darts (quivered)
Armour
 p - the +5 chain mail of Jamaclats (worn) {Fly rElec rC- SInv}
   (You bought it in a shop on level 3 of the Dungeon)

   rC:        It makes you vulnerable to cold.
   rElec:     It insulates you from electricity.
   SInv:      It lets you see invisible.
   Fly:       It grants you flight.
 B - a scarf of resistance (worn)
 G - a +2 pair of boots (worn)
 L - the +1 helmet "Kimelor" (worn) {*Corrode rElec Will+}
   (You bought it in a shop on level 3 of the Dungeon)

   rElec:     It insulates you from electricity.
   *Corrode:  It may corrode you when you take damage.
   Will:      It increases your willpower.
 O - a +2 pair of gloves (worn)
 P - a +2 plate armour of poison resistance
Jewellery
 a - a +6 ring of intelligence
 b - a ring of see invisible
 d - an amulet of the acrobat
 o - an amulet of guardian spirit (around neck)
 t - a +6 ring of strength (left hand)
 y - a ring of fire
 H - a +6 ring of strength
 J - a +6 ring of intelligence (right hand)
 U - an amulet of reflection
Wands
 x - a wand of roots (14)
 A - a wand of acid (5)
 Q - a wand of flame (3)
 W - a wand of mindburst (16)
 X - a wand of paralysis (4)
Scrolls
 c - 4 scrolls of vulnerability
 e - 23 scrolls of identify
 h - 3 scrolls of fog
 k - 3 scrolls of poison
 s - 5 scrolls of enchant armour
 u - 4 scrolls of enchant weapon
 S - 6 scrolls of immolation
Potions
 f - 8 potions of curing
 i - 11 potions of brilliance
 j - 2 potions of invisibility
 l - 3 potions of berserk rage
 q - 7 potions of haste
 r - 4 potions of heal wounds
 v - 6 potions of magic
 z - 4 potions of attraction
 D - 9 potions of flight
 E - 2 potions of ambrosia
 F - 2 potions of mutation
 I - 5 potions of might
 M - a potion of resistance
 Y - a potion of cancellation
Miscellaneous
 T - a box of beasts (inert)


   Skills:
 - Level 22.0 Fighting
 * Level 17.9 Maces & Flails
 + Level 6.2 Ranged Weapons
 - Level 2.3 Throwing
 * Level 19.7 Armour
 - Level 7.0 Dodging
 - Level 1.1 Stealth
 - Level 5.0 Evocations


You had 18 spell levels left.
You didn't know any spells.
Your spell library contained the following spells:

 Spells                   Type           Power      Damage    Failure   Level
 Beastly Appendage        Tmut           0%         N/A       50%         1
 Magic Dart               Conj           0%         1d3       50%         1
 Blink                    Tloc           0%         N/A       63%         2
 Ensorcelled Hibernation  Hex/Ice        0%         N/A       63%         2
 Lesser Beckoning         Tloc           0%         N/A       63%         2
 Momentum Strike          Conj/Tloc      0%         3d8       63%         2
 Poisonous Vapours        Pois/Air       0%         N/A       63%         2
 Scorch                   Fire           0%         2d5       63%         2
 Searing Ray              Conj           0%         2d4       63%         2
 Mephitic Cloud           Conj/Pois/Air  0%         N/A       86%         3
 Spider Form              Tmut/Pois      0%         N/A       86%         3
 Stone Arrow              Conj/Erth      0%         3d7       86%         3
 Anguish                  Hex/Necr       0%         N/A       99%         4
 Animate Armour           Summ/Erth      0%         N/A       99%         4
 Flame Wave               Conj/Fire      0%         2d4       99%         4
 Fulminant Prism          Conj/Hex       0%         3d5       99%         4
 Alistair's Intoxication  Tmut/Pois      0%         N/A       100%        5
 Freezing Cloud           Conj/Ice/Air   0%         6-21      100%        5
 Simulacrum               Ice/Necr       0%         N/A       100%        6
 Summon Cactus Giant      Summ           0%         N/A       100%        6
 Dragon Form              Tmut           0%         N/A       100%        7
 Lehudib's Crystal Spear  Conj/Erth      0%         10d2      100%        8
 Polar Vortex             Ice            0%         N/A       100%        9
 Cigotuvi's Dreadful Rot  Necr/Pois/Air  Unusable   N/A       N/A         2
 Statue Form              Tmut/Erth      Unusable   N/A       N/A         6

Dungeon Overview and Level Annotations

Branches:
Dungeon (15/15)            Temple (1/1) D:5            Lair (5/5) D:8
 Shoals (4/4) Lair:2       Spider (3/4) Lair:2        Slime (0/5) Lair:5
    Orc (2/2) D:9             Elf (3/3) Orc:2        Vaults (0/5) D:14
 Depths (1/4) D:15          Sewer (visited)         Ossuary (visited)
 Bailey (visited)           IceCv (visited)

Altars:
Ashenzari
Cheibriados
Dithmenos
Elyvilon
Fedhas
Gozag
Hepliaklqana
Kikubaaqudgha
Makhleb
Nemelex Xobeh
Okawaru
Qazlal
Ru
Sif Muna
Trog
Uskayaw
Vehumet
Wu Jian
Xom
Yredelemnul
Zin
The Shining One

Shops:
D:3 (?[:!   Orc:1 (   Orc:2 [:(*   Elf:1 (   Elf:2 ?(   Elf:3 :   Shoals:2 !

Portals:
Trove: D:13 (lose all piety)

Annotations:
Lair:2 2 transporters, Jeffwins's ghost, journeyman HuWn


Innate Abilities, Weirdness & Mutations

You are immune to sickness and miasma.
Your stone body is resilient. (AC +14)
You are immune to poison.
Your large and strong wings let you fly.
You resist negative energy. (rN+)
You are resistant to electric shocks. (rElec)
You are resistant to unholy torment.
You are immune to petrification.
You have supernaturally acute eyesight. (SInv)
You are frail. (-10% HP)
You passively map a small area around you.
You are weak. (Str -2)
Your spells are a little easier to cast, but a little less powerful.
You expend magic power (3 MP) to strengthen your wands.
[You do not regenerate when monsters are visible.]
[You are very vulnerable to heat. (rF--)]
[You sometimes lose the ability to read scrolls when taking damage.]


Message History

You blink.
A large abomination comes into view.
Unknown command.
Unknown command.
You feel much better.
Unknown command.
You can read scrolls again.
A crystal guardian comes into view.
You feel much better. The spatial maelstrom hits you.
Space warps horribly around you!
You feel threatened and lose the ability to read scrolls!
The spatial maelstrom hits you.
* * * LOW HITPOINT WARNING * * *
You blink.
A spatial vortex comes into view.
You hit the spatial vortex but do no damage.
The spatial vortex hits you!
* * * LOW HITPOINT WARNING * * *
You blink.
A freezing wraith comes into view.
Unknown command.
You feel much better.
The large abomination hits you but does no damage.
A ynoxinul comes into view.
The raiju bursts into living lightning!
The living lightning hits the spatial maelstrom.
The spatial maelstrom resists.
The living lightning hits you. You resist.
The raiju blinks!
A chorus of shrieks assaults your mind.
The spatial maelstrom hits you but does no damage. x2
The large abomination hits you.
The crystal guardian fires a crystalline bolt at you.
The crystal bolt freezes the spatial vortex!
The spatial vortex resists.
The crystal bolt freezes you!!
* * * LOW HITPOINT WARNING * * *
The ynoxinul gestures at you. The iron shot hits you!
* * * LOW HITPOINT WARNING * * *
A chorus of shrieks assaults your mind.
You die...

. .# .## ##. ...
..# .. ##.# . ##.##
W# # .#.
..###.#..##.##
#....##.#..##.#....
#.
.......#..#..####
...#.....#..#.....#
#. .....#..XX.h#..#
#. ...##....v@....#
...
.#.#X#§.#....#3# ##
####.#XX....v### ..
#.h####.v.# #. ##.
X##..9# #X.. .#.#..
.......#..#.
#....###..#. # .###
##


You could see 2 starcursed masses, a spatial maelstrom, a crystal guardian, 2
spatial vortices, a thrashing horror, 2 large abominations, a freezing wraith, 2
raiju and a ynoxinul.

Vanquished Creatures
  Arachne (Spider:2)
  Jorgrun (D:14)
  A lich (Depths:1)
  Mlioglotl (Spider:2)
  6 tentacled starspawn
  Gastronok (Lair:1)
  Roxanne (Elf:2)
  Louise (D:14)
  Aizul (Shoals:3)
  3 deep elf sorcerers
  A deep elf elementalist (Elf:1)
  A ghost moth (Spider:1)
  A stone giant (Elf:1)
  A green draconian (Abyss:5)
  A very ugly thing (Abyss:5)
  3 deep elf demonologists
  3 deep elf annihilators
  A lorocyproca (Abyss:2)
  A minotaur (Shoals:4)
  3 ettins
  2 deep elf death magi
  4 merfolk impalers
  Josephine (Orc:2)
  3 merfolk javelineers (Shoals:1)
  7 hydras
  Erolcha (D:10)
  Fannar (D:10)
  A rakshasa (D:15)
  2 ice dragons
  5 centaur warriors
  2 alligator snapping turtles
  3 ogre magi
  A radroach (Spider:2)
  11 dancing weapons
  2 merfolk avatars
  2 boulder beetles
  2 merfolk aquamancers
  A tengu warrior (D:14)
  7 death yaks (Lair:4)
  5 satyrs (Shoals:4)
  The ghost of cheesebisquit the Zephyrmancer, a novice DrAE of Qazlal (D:8)
  18 two-headed ogres
  8 thrashing horrors
  3 hell hogs (Abyss:4)
  2 orc high priests
  3 wretched stars
  2 skysharks (Shoals:2)
  Amaemon (D:8)
  Nergalle (Lair:1)
  Lodul (D:14)
  2 pharaoh ants
  13 deep elf knights
  14 large abominations
  2 flayed ghosts
  6 sea snakes
  8 deep elf archers
  23 deep elf pyromancers
  3 steelbarb worms
  5 orb spiders
  9 harpies
  7 orc knights
  A lindwurm (Lair:5)
  A wizard (D:14)
  A necromancer (Elf:1)
  11 manticores
  30 deep elf zephyrmancers
  4 wolf spiders
  16 starcursed masses
  3 orc sorcerers
  9 fauns
  11 ugly things
  A worldbinder (Abyss:3)
  5 cyclopes
  A will-o-the-wisp (Abyss:2)
  8 elephants
  3 water nymphs
  6 merfolk sirens
  2 black mambas (Lair:4)
  8 demonic crawlers
  An eye of devastation (Abyss:4)
  A torpor snail (Spider:1)
  A smoke demon (Elf:1)
  A black mamba (shapeshifter) (D:14)
  2 hellions
  An orange demon (D:8)
  9 cane toads
  2 gargoyles
  5 rime drakes
  11 komodo dragons
  A freezing wraith (Abyss:4)
  3 kobold demonologists
  2 ancient zymes
  5 trolls
  A queen bee (Lair:3)
  6 polar bears
  A silent spectre (Abyss:4)
  3 meliai
  13 merfolk
  A wind drake (shapeshifter) (D:13)
  5 wind drakes
  7 tarantellas
  A hornet (shapeshifter) (D:14)
  7 dream sheep
  36 blink frogs
  A raiju (Abyss:6)
  6 hornets (Lair:5)
  4 snapping turtles
  A dream sheep (shapeshifter) (Abyss:2)
  A slime creature (D:12)
  An ettin skeleton (Abyss:4)
  12 spriggans (Lair:5)
  9 jumping spiders
  30 yaks
  2 vampires
  2 air elementals
  A merfolk skeleton (Abyss:2)
  6 wraiths
  A wyvern (D:11)
  2 shadows
  9 water elementals
  3 culicivoras (Spider:1)
  Grum (D:8)
  5 basilisks
  3 fire elementals
  9 redbacks
  4 steam dragons
  2 neqoxecs
  4 vampire mosquitoes (D:12)
  3 acid dragons
  2 wargs (Orc:2)
  18 water moccasins
  A floating eye (Abyss:4)
  32 orc warriors
  5 black bears (Lair:5)
  20 ogres
  10 centaurs
  3 sky beasts
  52 wolves
  4 boggarts (Lair:5)
  A phantom (D:7)
  3 kobold brigands
  Blork the orc (D:4)
  4 elf zombies (Elf:1)
  8 small abominations
  2 earth elementals
  6 bullfrogs
  10 gnoll sergeants
  15 scorpions
  45 killer bees
  An electric eel (Lair:5)
  8 howler monkeys
  A centaur zombie (Ossuary)
  A crimson imp (Spider:1)
  9 hounds
  7 gnoll boudas
  8 orc priests
  4 jellies
  An iron imp (D:4)
  2 human zombies (Ossuary)
  4 sleepcaps
  4 scorpion zombies (Ossuary)
  4 iguanas
  11 orc wizards
  4 hell rats (Lair:4)
  3 mummies (Ossuary)
  30 gnolls
  10 adders
  5 river rats (Sewer)
  A shadow imp (D:6)
  An ufetubus (Abyss:2)
  3 worms
  2 dart slugs
  40 orcs
  16 ball pythons
  12 endoplasms (D:4)
  5 giant cockroaches
  2 gnoll zombies (Ossuary)
  3 hobgoblins
  27 kobolds
  3 quokkas
  7 bats
  3 frilled lizards
  10 goblins
  2 hobgoblin zombies (Ossuary)
  2 kobold zombies (Ossuary)
  23 rats
1118 creatures vanquished.

Vanquished Creatures (collateral kills)
  An orc warlord (Orc:1)
  A merfolk impaler (Shoals:1)
  A catoblepas (D:13)
  2 thrashing horrors (Abyss:3)
  2 fauns (Shoals:4)
  A water nymph (Shoals:4)
  A water elemental (Shoals:1)
  A yak (IceCv)
  A small abomination (Abyss:3)
  A starcursed mass (Shoals:4)
12 creatures vanquished.

Vanquished Creatures (others)
  A deep elf zephyrmancer (Elf:1)
  A sky beast (D:12)
  A bush (Lair:4)
  A fire vortex (Lair:2)
  9 foxfires
  58 fungi
  A lurking horror (Abyss:5)
  71 plants
  14 starspawn tentacles
  9 toadstools (D:4)
166 creatures vanquished.

Grand Total: 1296 creatures vanquished

Notes
Turn   | Place    | Note
-------+----------+-------------------------------------------
     0 | D:1      | dialectric the Gargoyle Wanderer began the quest for the
                  | Orb.
     0 | D:1      | dialectric set off with the following items: a +3 sling, a
                  | +0 mace, a scroll of vulnerability, a +0 leather armour.
     0 | D:1      | Reached XP level 1. HP: 12/12 MP: 1/1
   198 | D:1      | You fall into a shaft and drop 1 floor!
   231 | D:2      | Reached XP level 2. HP: 16/16 MP: 2/2
   433 | D:2      | Reached XP level 3. HP: 20/20 MP: 3/3
   572 | D:2      | Identified the +1 ring mail "Adghosen" {Str+4}
  1567 | D:3      | Found a glowing drain.
  1605 | D:3      | Reached XP level 4. HP: 23/25 MP: 2/4
  1612 | Sewer    | Entered a sewer
  2008 | Sewer    | Reached skill level 1 in Dodging
  2120 | Sewer    | Reached XP level 5. HP: 28/29 MP: 3/5
  2261 | Sewer    | Noticed a kobold brigand
  2277 | Sewer    | Killed a kobold brigand
  2278 | Sewer    | Reached XP level 6. HP: 7/35 MP: 1/6
  2544 | D:3      | Found Ducoylugg's Antique Armour Shop.
  2619 | D:3      | Found Bitoex's Book Boutique.
  2638 | D:3      | Found Seliut's Magic Scroll Boutique.
  2665 | D:3      | Bought a scroll of teleportation for 39 gold pieces
  2670 | D:3      | Found Lahox's Antique Weapon Boutique.
  2779 | D:3      | Found Ohekk's Distillery.
  3097 | D:4      | Reached skill level 2 in Fighting
  3151 | D:4      | Found a snail-covered altar of Cheibriados.
  3264 | D:4      | Reached XP level 7. HP: 39/40 MP: 7/7
  3311 | D:4      | Reached skill level 5 in Armour
  4576 | D:5      | Entered Level 5 of the Dungeon
  4587 | D:5      | Noticed Blork the orc
  4606 | D:4      | Killed Blork the orc
  4679 | D:5      | Reached XP level 8. HP: 45/45 MP: 8/8
  4698 | D:5      | Reached skill level 3 in Fighting
  4898 | D:5      | Found a staircase to the Ecumenical Temple.
  5012 | D:6      | Reached skill level 4 in Fighting
  5065 | D:6      | Found a basalt altar of Yredelemnul.
  5101 | D:6      | Reached skill level 5 in Maces & Flails
  5971 | Temple   | Entered the Ecumenical Temple
  6341 | Temple   | Became a worshipper of Trog the Wrathful
  6433 | D:5      | Reached skill level 5 in Fighting
  6543 | D:5      | Reached XP level 9. HP: 34/54 MP: 5/9
  6662 | D:5      | Found a glowing silver altar of Zin.
  6798 | D:5      | Found a sparkling altar of Nemelex Xobeh.
  7056 | D:6      | Reached skill level 6 in Fighting
  7165 | D:7      | Identified the +2 robe of the Equator {rF+ Int+2 SInv}
  7178 | D:7      | Found a broken altar of Ashenzari.
  7179 | D:7      | Found a shadowy altar of Dithmenos.
  7179 | D:7      | Found a shimmering blue altar of Sif Muna.
  7180 | D:7      | Found an ornate altar of the Wu Jian Council.
  7190 | D:7      | Found a sand-covered staircase.
  7195 | Ossuary  | Entered an ossuary
  7396 | Ossuary  | Reached * piety under Trog
  7962 | D:7      | Found a radiant altar of Vehumet.
  7999 | D:7      | Reached XP level 10. HP: 45/60 MP: 5/10
  8697 | D:3      | Bought a fine helmet for 190 gold pieces
  8697 | D:3      | Identified the +1 helmet "Kimelor" {*Corrode rElec Will+}
                  | (You bought it in a shop on level 3 of the Dungeon)
  8729 | D:3      | Bought a crude chain mail for 190 gold pieces
  8729 | D:3      | Identified the +5 chain mail of Jamaclats {Fly rElec rC-
                  | SInv} (You bought it in a shop on level 3 of the Dungeon)
  8840 | D:7      | Found a white marble altar of Elyvilon.
  9023 | D:8      | Found a staircase to the Lair.
  9053 | D:8      | Identified the +2 leather armour of Hysteria {Rampage rN+}
  9324 | D:8      | Found a runed translucent door.
  9326 | D:8      | Noticed cheesebisquit's ghost (novice DrAE)
  9506 | D:8      | Noticed Grum
  9522 | D:8      | Killed Grum
  9594 | D:8      | Noticed Amaemon
  9602 | D:8      | Noticed an orange demon
  9615 | D:8      | Killed Amaemon
  9616 | D:8      | Reached skill level 10 in Maces & Flails
  9620 | D:8      | Killed an orange demon
 10121 | D:9      | Found a staircase to the Orcish Mines.
 10127 | D:9      | Reached ** piety under Trog
 10253 | D:9      | Found a flagged portal.
 10414 | Bailey   | Entered a bailey
 10439 | Bailey   | Reached skill level 1 in Throwing
 11000 | Bailey   | Identified the +5 hand axe "Gamimyeg" {heavy, *Corrode
                  | Will+ Str+2}
 11015 | Bailey   | Reached XP level 11. HP: 58/64 MP: 9/11
 11218 | Bailey   | Reached skill level 10 in Armour
 11727 | D:9      | Noticed a two-headed hydra
 12615 | D:10     | Entered Level 10 of the Dungeon
 12658 | D:10     | Noticed Fannar
 12721 | D:9      | Reached *** piety under Trog
 12741 | Orc:1    | Entered Level 1 of the Orcish Mines
 12745 | Orc:1    | Noticed an orc knight
 12817 | Lair:1   | Entered Level 1 of the Lair of Beasts
 12957 | Lair:1   | Reached skill level 7 in Fighting
 13426 | Lair:1   | Gained mutation: You have sharp toenails. [potion of
                  | mutation]
 13426 | Lair:1   | Gained mutation: Your spells are a little easier to cast,
                  | but a little less powerful. [potion of mutation]
 13426 | Lair:1   | Gained mutation: You expend magic power (3 MP) to
                  | strengthen your wands. [potion of mutation]
 13426 | Lair:1   | Gained mutation: You are agile. (Dex +4, Str/Int -1)
                  | [potion of mutation]
 13449 | Lair:1   | Noticed Nergalle
 13472 | Lair:1   | Killed Nergalle
 13549 | Lair:1   | Noticed Gastronok
 13571 | Lair:1   | Killed Gastronok
 13572 | Lair:1   | Reached skill level 8 in Fighting
 13911 | Lair:1   | Reached XP level 12. HP: 51/75 MP: 8/12
 14526 | Lair:2   | Noticed a five-headed hydra
 14539 | Lair:1   | Killed a five-headed hydra
 14890 | D:10     | Reached skill level 9 in Fighting
 15121 | D:10     | Noticed Erolcha
 15132 | D:10     | Killed Erolcha
 15453 | D:10     | Killed Fannar
 15751 | D:11     | Noticed a two-headed ogre
 15765 | D:11     | Killed a two-headed ogre
 15938 | Orc:1    | Reached skill level 10 in Fighting
 16012 | Orc:1    | Reached **** piety under Trog
 16157 | Orc:2    | Entered Level 2 of the Orcish Mines
 16188 | Orc:2    | Found a staircase to the Elven Halls.
 16200 | Elf:1    | Entered Level 1 of the Elven Halls
 16347 | Orc:2    | Found Agreitet's Book Boutique.
 16392 | Orc:2    | Noticed an orc warlord
 16684 | Orc:2    | Found Betruyb's Antique Weapon Shop.
 16825 | Lair:2   | Found a staircase to the Shoals.
 17315 | Lair:2   | Noticed Jeffwins's ghost (journeyman HuWn)
 17323 | Lair:2   | Found a transporter.
 17327 | Lair:2   | Found a transporter.
 17338 | Lair:2   | Reached skill level 11 in Fighting
 17418 | Lair:2   | Found a hole to the Spider Nest.
 17443 | Lair:2   | Reached XP level 13. HP: 62/84 MP: 9/13
 17453 | Shoals:1 | Entered Level 1 of the Shoals
 17671 | Lair:2   | Upgraded the game from 0.30-a0-867-g305f33218d to
                  | 0.30-a0-879-ga8ba668304
 18563 | Lair:2   | Reached skill level 1 in Evocations
 19989 | D:12     | Reached skill level 5 in Dodging
 20801 | Orc:1    | Found Xorixt's Antique Weapon Shoppe.
 20969 | Orc:1    | Found a bloodstained altar of Trog.
 21492 | Orc:1    | Killed an orc warlord
 21802 | D:13     | Reached skill level 15 in Armour
 22267 | D:13     | Found a portal to a secret trove of treasure.
 22905 | D:12     | Gained mutation: Your large and strong wings let you fly.
                  | [Gargoyle growth]
 22905 | D:12     | Reached XP level 14. HP: 67/91 MP: 11/14
 23108 | Orc:2    | Found Jituojea's General Store.
 23128 | Orc:2    | Bought a scroll of brand weapon for 152 gold pieces
 23546 | Lair:3   | Reached skill level 12 in Fighting
 25120 | Lair:4   | Found a frozen archway.
 25177 | IceCv    | Entered an ice cave
 25541 | Lair:4   | Reached skill level 13 in Fighting
 26168 | Lair:5   | Entered Level 5 of the Lair of Beasts
 27057 | Lair:5   | Reached skill level 15 in Maces & Flails
 27272 | Lair:4   | Reached XP level 15. HP: 88/100 MP: 12/15
 27437 | Orc:2    | Noticed Josephine
 27488 | Orc:2    | Killed Josephine
 27498 | Orc:2    | Reached ***** piety under Trog
 27512 | Orc:2    | Reached skill level 14 in Fighting
 28110 | Orc:2    | Found Futhi's Antique Armour Boutique.
 29165 | D:14     | Reached skill level 15 in Fighting
 29230 | D:14     | Noticed Lodul
 29278 | D:14     | Killed Lodul
 30050 | D:14     | Found a gate to the Vaults.
 30152 | D:14     | Noticed Louise
 30210 | D:14     | Killed Louise
 30214 | D:14     | Noticed Jorgrun
 30218 | D:14     | Reached skill level 16 in Fighting
 30237 | D:14     | Killed Jorgrun
 30770 | D:15     | Entered Level 15 of the Dungeon
 31406 | Spider:1 | Entered Level 1 of the Spider Nest
 31525 | Lair:4   | Reached skill level 17 in Fighting
 32000 | Lair:5   | Found a staircase to the Slime Pits.
 32892 | Shoals:1 | Reached skill level 18 in Fighting
 32941 | Shoals:1 | Reached XP level 16. HP: 102/114 MP: 14/16
 33035 | Shoals:1 | Received a gift from Trog
 34152 | Shoals:1 | Reached skill level 19 in Fighting
 34380 | D:15     | Paralysed by an ogre mage for 4 turns
 35394 | D:15     | Reached skill level 20 in Fighting
 36468 | D:15     | Found a staircase to the Depths.
 36496 | Depths:1 | Entered Level 1 of the Depths
 36703 | Depths:1 | Noticed a lich
 36727 | Depths:1 | Killed a lich
 38010 | Elf:1    | Found Foipepili's Weapon Boutique.
 38314 | Elf:1    | Reached XP level 17. HP: 124/125 MP: 17/17
 38488 | Elf:1    | Reached skill level 21 in Fighting
 39867 | Shoals:4 | Entered Level 4 of the Shoals
 39878 | Shoals:4 | Noticed Aizul
 40080 | Shoals:3 | Killed Aizul
 40274 | Shoals:4 | Received a gift from Trog
 40319 | Shoals:4 | Noticed a sphinx
 41389 | Elf:1    | Reached skill level 22 in Fighting
 41818 | Elf:2    | Paralysed by an air elemental for 1 turns
 41825 | Elf:2    | Identified Roxanne's Tome of Moulding
 41825 | Elf:2    | Noticed Roxanne
 41849 | Elf:2    | Killed Roxanne
 42027 | Elf:2    | Found Eraupnao's Antique Weapon Emporium.
 42042 | Elf:2    | Found Ful Hopp's Magic Scroll Emporium.
 42048 | Elf:2    | Bought a scroll of blinking for 120 gold pieces
 42048 | Elf:2    | Bought a scroll of enchant weapon for 120 gold pieces
 42060 | Elf:3    | Entered Level 3 of the Elven Halls
 42143 | Elf:3    | Found Hukyo's One-of-a-Kind Books.
 42332 | Elf:3    | Received a gift from Trog
 43020 | Elf:3    | Noticed a deep elf blademaster
 43021 | Elf:3    | Noticed a deep elf blademaster
 43069 | Elf:3    | Noticed an Ice Fiend
 43096 | Elf:3    | Reached XP level 18. HP: 72/134 MP: 13/18
 43145 | Abyss:2  | Cast into level 2 of the Abyss (a deep elf sorcerer)
 43303 | Abyss:2  | Reached skill level 5 in Evocations
 43386 | Abyss:2  | Noticed a bone dragon
 43434 | Abyss:4  | Found a corrupted altar of Lugonu.
 43442 | Abyss:4  | Fell from the grace of Trog
 43442 | Abyss:4  | Became a worshipper of Lugonu the Unformed
 43442 | Abyss:4  | Reached * piety under Lugonu
 43442 | Abyss:4  | Reached ** piety under Lugonu
 43443 | Elf:3    | Escaped the Abyss
 44056 | Temple   | Fell from the grace of Lugonu
 44056 | Temple   | Became a worshipper of Trog the Wrathful
 46267 | Abyss:4  | Cast into level 4 of the Abyss (Lugonu's touch)
 46394 | Abyss:4  | Gained mutation: You occasionally shout uncontrollably at
                  | your foes. [a neqoxec]
 46398 | Abyss:4  | Gained mutation: Armour fits poorly on your strangely
                  | shaped body. [a neqoxec]
 46664 | Abyss:4  | Gained mutation: Potions are less effective at restoring
                  | your health. [a cacodemon]
 46684 | Abyss:4  | Paralysed by a floating eye for 4 turns
 46704 | Abyss:4  | Gained mutation: You are frail. (-10% HP) [a neqoxec]
 46714 | Abyss:4  | Got an abyssal rune of Zot
 46772 | Spider:2 | Escaped the Abyss
 47129 | Abyss:5  | Cast into level 5 of the Abyss (Lugonu's touch)
 47291 | Elf:2    | Escaped the Abyss
 47602 | Elf:3    | Lost mutation: You have sharp toenails. [potion of
                  | mutation]
 47602 | Elf:3    | Lost mutation: Your spells are a little easier to cast, but
                  | a little less powerful. [potion of mutation]
 47602 | Elf:3    | Gained mutation: Your spells are a little easier to cast,
                  | but a little less powerful. [potion of mutation]
 47602 | Elf:3    | Gained mutation: You have supernaturally acute eyesight.
                  | (SInv) [potion of mutation]
 47604 | Elf:3    | Lost mutation: Potions are less effective at restoring your
                  | health. [potion of mutation]
 47604 | Elf:3    | Lost mutation: Armour fits poorly on your strangely shaped
                  | body. [potion of mutation]
 47604 | Elf:3    | Lost mutation: You occasionally shout uncontrollably at
                  | your foes. [potion of mutation]
 47604 | Elf:3    | Lost mutation: You are agile. (Dex +4, Str/Int -1) [potion
                  | of mutation]
 47604 | Elf:3    | Gained mutation: You passively map a small area around you.
                  | [potion of mutation]
 47800 | Elf:3    | Noticed a Tzitzimitl
 47805 | Elf:3    | Noticed a Tzitzimitl
 47844 | Elf:2    | Bought a scroll of enchant armour for 120 gold pieces
 48284 | Shoals:2 | Found Xunaik Unaun's Distillery.
 48293 | Shoals:2 | Bought a potion of heal wounds for 90 gold pieces
 48293 | Shoals:2 | Bought a potion of heal wounds for 90 gold pieces
 49103 | Shoals:4 | Got a barnacled rune of Zot
 49171 | Abyss:5  | Cast into level 5 of the Abyss (Lugonu's touch)
 49186 | Shoals:3 | Escaped the Abyss
 49334 | D:8      | Killed cheesebisquit's ghost
 49547 | Elf:1    | Identified the +4 scimitar of Wrongful Imprisonment {pain,
                  | rN+ Str+3 Stlth+}
 49684 | Elf:1    | Reached XP level 19. HP: 125/125 MP: 17/19
 49791 | Abyss:5  | Cast into level 5 of the Abyss (Lugonu's touch)
 49866 | Abyss:5  | Found a corrupted altar of Lugonu.
 49884 | Elf:1    | Escaped the Abyss
 49909 | Elf:1    | Gained mutation: You are weak. (Str -2) [mutagenic glow]
 50413 | Spider:2 | Noticed Arachne
 50437 | Spider:2 | Killed Arachne
 50444 | Spider:2 | Noticed Mlioglotl
 50462 | Spider:2 | Killed Mlioglotl
 50813 | Abyss:6  | Cast into level 6 of the Abyss (Lugonu's touch)
 50851 | Abyss:6  | Noticed a bone dragon
 50860 | Abyss:6  | Noticed a bone dragon
 50900 | Abyss:6  | HP: 2/122 [ynoxinul/iron shot (9)]
 50900 | Abyss:6  | Killed from afar by a starcursed mass

Illustrated notes

Levels and vault maps discovered:
D:1:      lemuel_arrival_hallway, layout_rooms, chequers_serial_rivers_marsh
D:2:      minmay_wonky_spiral, layout_basic
D:3:      layout_rooms, cheibrodos_sewer_entry_sluice, serial_shops, shop,
          shop_statue, nicolae_shop_behind_doors, shop,
          nicolae_shop_temple_entry_statues_fountains, grunt_decor_cap
D:4:      cheibrodos_fertilizer, layout_basic, slow_altar_2, uniq_grinder
D:5:      layout_rooms, marbit_many_paths, zin_statuary, temple_pool_b,
          uniq_blork_the_orc
D:6:      layout_basic, mainiacjoe_overflow_small_starburst
D:7:      layout_cave_pools, nicolae_elyvilon_temple_path,
          mainiacjoe_overflow_brackets,
          chequers_temple_overflow_statue_of_worship, enter_ossuary_2,
          st_stairs_6
D:8:      layout_cave_pods, lair_entry_dummy, gammafunk_ghost_grave,
          uniq_amaemon, uniq_grum
D:9:      layout_basic, david_orc_3, enter_bailey_3,
          minmay_misc_feat_four_crosses, chequers_serial_rivers_small_3,
          hangedman_ranch
D:10:     layout_basic, uniq_fannar, uniq_erolcha
D:11:     layout_cross, serial_column_ruins, column_ruins_courtyard_long,
          column_ruins_hut_pillars, column_ruins_columns_water,
          column_ruins_corridor_corner, column_ruins_columns_corner,
          column_ruins_corridor_water
D:12:     layout_roguey, hangedman_misty_isle
D:13:     layout_layer_cave, nicolae_trove_entry_diagonal
D:14:     layout_rooms, david_vaults_1, chequers_serial_rivers_small_a,
          uniq_louise, uniq_lodul, uniq_jorgrun
D:15:     grunt_enter_depths_hoard, layout_cave_pools
Temple:   minmay_temple_forest_path
Lair:1:   layout_cave_pods, grunt_megastairs_2, uniq_gastronok, uniq_nergalle
Lair:2:   layout_gridlike, minmay_shoals_entry_beasts, spider_nest_entry_rubble,
          gammafunk_ghost_hive
Lair:3:   layout_roguey, special_room [special_room_bee], grunt_megastairs_3
Lair:4:   layout_loops_ring, portal_ice_cave_entry_pillars_2,
          nicolae_lair_lil_pond, st_stairs_10
Lair:5:   minmay_lair_end_enchanted_forest, layout_gridlike, slime_entry_1,
          lemuel_fruit_tree, grunt_megastairs_5, lemuel_fruit_fields,
          infiniplex_staircase_pool
Shoals:1: layout_shoals, nicolae_shoals_mertower
Shoals:2: layout_shoals, serial_shops, nicolae_shop_trees
Shoals:3: layout_shoals, nicolae_shoals_nautilus_by_nature
Shoals:4: shoals_end_hellmonk_lost_city, uniq_aizul
Spider:1: layout_chambers, nicolae_crawler_farm,
          hangedman_spider_tarantella_strand
Spider:2: layout_cave_pods, uniq_mlioglotl, uniq_arachne, uniq_frances
Spider:3: layout_spider_delve
Orc:1:    layout_caves, serial_shops, shop, trog_butcher_becter
Orc:2:    grunt_orc_gardens, layout_caves, grunt_orc_garden, grunt_orc_garden,
          grunt_orc_garden, grunt_orc_garden, uniq_josephine
Elf:1:    layout_gridlike, minmay_elf_necromancy,
          roderic_lattice_octagonal_star, minmay_shop_star
Elf:2:    nicolae_elf_blades_crystal_corner, layout_gridlike, serial_shops,
          nicolae_shop_bloodbath_and_beyond, nicolae_shop_behind_doors, shop,
          uniq_roxanne, uniq_agnes
Elf:3:    elf_hall, layout_gridlike, corner_web_ring, nicolae_rare_books
Depths:1: layout_small_grid, abyss_entry, minmay_misc_feat_pillars,
          serial_shops, kennysheep_mini, grunt_metal_band,
          nicolae_ashenzari_panopticon, uniq_sojobo
Abyss:6:  base: Crypt:2, evilmike_abyss_exit_mutagenic,
          evilmike_abyss_exit_glass, hangedman_elemental_corridor, base:
          Spider:2, hangedman_cross_veins, hangedman_abyss_feature_spike,
          patterned_corridor, grunt_abyss_exit_deep_breaths,
          hangedman_glass_garden, guppyfry_abyss_exit_glass_guarded

Skill      XL: |  1  2  3  4  5  6  7  8  9 10 11 12 13 14 15 16 17 18 |
---------------+-------------------------------------------------------+-----
Armour         | 2 3 4 6 7 8 9 11 12 15 16 17 19 | 19.7
Dodging        | 1 2 3 4 5 6 7 |  7.0
Maces & Flails | 3 4 5 8 11 12 13 14 15 17 | 17.9
Fighting       | 2 5 6 8 11 13 18 20 22 | 22.0
Ranged Weapons | 6 |  6.2
Throwing       | 2 |  2.3
Evocations     | 2 3 4 5 |  5.0
Stealth        | |  1.1

Action                     |  1- 3 |  4- 6 |  7- 9 | 10-12 | 13-15 | 16-18 | 19-21 || total
---------------------------+-------+-------+-------+-------+-------+-------+-------++-------
  Melee: Mace              |    44 |    31 |       |       |       |       |       ||    75
         Punch             |     1 |     6 |     6 |    29 |    30 |    21 |     8 ||   101
         Whip              |       |   193 |   311 |  1149 |  2095 |       |       ||  3748
         Morningstar       |       |       |   140 |   121 |    23 |       |       ||   284
         Demon whip        |       |       |       |    39 |   499 |  1620 |   215 ||  2373
         Dire flail        |       |       |       |       |       |   713 |       ||   713
   Fire: Sling             |    65 |    12 |    36 |     7 |       |       |       ||   120
  Throw: Dart              |       |     8 |     4 |    54 |    30 |    22 |       ||   118
         Throwing net      |       |       |     2 |       |       |       |       ||     2
 Invoke: Berserk           |       |       |     1 |    18 |    33 |    33 |     6 ||    91
         Trog's Hand       |       |       |       |     1 |     4 |     8 |     1 ||    14
         Brothers in Arms  |       |       |       |       |     5 |     3 |       ||     8
         Depart the Abyss  |       |       |       |       |       |     1 |       ||     1
  Evoke: Wand              |       |       |       |     8 |    17 |    12 |     8 ||    45
         Box of beasts     |       |       |       |       |     1 |     4 |       ||     5
    Use: Potion            |       |     2 |     3 |     8 |     5 |    21 |     6 ||    45
         Scroll            |       |     1 |     9 |     8 |     9 |    29 |     1 ||    57
   Stab: Invisible         |       |       |       |       |     1 |     1 |       ||     2
         Distracted        |       |       |       |       |       |       |     1 ||     1
 Armour: Leather armour    |    12 |       |       |       |       |       |       ||    12
         Ring mail         |    31 |   142 |   226 |    27 |       |       |       ||   426
         Chain mail        |       |       |       |   663 |  1367 |  1418 |   312 ||  3760
  Dodge: Dodged            |    50 |   160 |   282 |   540 |  1132 |  1064 |   162 ||  3390

Table legend: (Time is in decaauts)
 A = Elapsed time spent in this place.
 B = Non-inter-level travel time spent in this place.
 C = Inter-level travel time spent in this place.
 D = Time resting spent in this place.
 E = Time spent auto-exploring this place.
 F = Levels seen in this place.
 G = Mean time per level.
                   A        B        C        D        E       F      G
               +--------+--------+--------+--------+--------+-----+--------+
         Total |  48842 |  44007 |   4835 |   5816 |  24113 |  48 | 1017.5 |
       Dungeon |  20426 |  17455 |   2971 |   2408 |  10701 |  15 | 1361.7 |
        Temple |    461 |    350 |    111 |      0 |    325 |   1 |  461.0 |
          Lair |   9032 |   8159 |    873 |    816 |   5137 |   5 | 1806.4 |
        Shoals |   4339 |   4195 |    144 |    542 |   1766 |   4 | 1084.8 |
   Spider Nest |   2695 |   2607 |     88 |    255 |   1649 |   3 |  898.3 |
  Orcish Mines |   3633 |   3076 |    557 |   1000 |    920 |   2 | 1816.5 |
   Elven Halls |   4342 |   4255 |     87 |    636 |   2009 |   3 | 1447.3 |
        Depths |    298 |    298 |      0 |      0 |    165 |   1 |  298.0 |
         Abyss |   1030 |   1030 |      0 |      0 |    128 |  10 |  103.0 |
         Sewer |    944 |    944 |      0 |     17 |    626 |   1 |  944.0 |
       Ossuary |    495 |    495 |      0 |      0 |    238 |   1 |  495.0 |
        Bailey |   1089 |   1089 |      0 |    139 |    447 |   1 | 1089.0 |
      Ice Cave |     52 |     52 |      0 |      0 |      0 |   1 |   52.0 |
               +--------+--------+--------+--------+--------+-----+--------+

Top non-repeatable levels by time:
  Lair:1: 2615 daAuts
   Orc:2: 2396 daAuts
    D:13: 2201 daAuts
    D:14: 2112 daAuts
     D:8: 2095 daAuts
     D:9: 2087 daAuts
Spider:1: 2000 daAuts
  Lair:4: 1788 daAuts
   Elf:1: 1757 daAuts
  Lair:2: 1729 daAuts
  Lair:5: 1670 daAuts
     D:4: 1635 daAuts
   Elf:3: 1542 daAuts
    D:12: 1409 daAuts
Shoals:3: 1402 daAuts
